 Dungeon Crawl Stone Soup version 0.16.1-51-g6203257 (webtiles) character file.

5181 RepoMan the Destroyer (level 10, -1/80 HPs)
             Began as a Ghoul Wizard on July 9, 2015.
             Was a Priest of Kikubaaqudgha.
             Slain by a queen bee (14 damage)
             ... on level 1 of the Lair of Beasts.
             The game lasted 02:25:28 (13065 turns).

RepoMan the Destroyer (Ghoul Wizard)               Turns: 13065, Time: 02:25:28

Health: -1/80      AC:  4    Str: 12    XL:     10   Next: 60%
Magic:  8/24       EV: 11    Int: 20    God:    Kikubaaqudgha [***...]
Gold:   536        SH:  0    Dex:  7    Spells: 9 memorised, 1 level left

rFire  + . .     SeeInvis +     y - +11 hand axe of Courage {freeze, rF+ Int+4 Stlth+}
rCold  + . .     Clarity  .     v - +0 robe
rNeg   + + +     SustAb   .     (no shield)
rPois  ∞         Gourm    .     b - +0 hat
rElec  .         Spirit   .     i - +0 cloak
rCorr  .         Warding  .     (no gloves)
rMut   .         Stasis   .     K - +0 pair of boots
MR     .....                    (no amulet)
Stlth  +++.......               N - ring of see invisible
                                F - ring of wizardry

@: very slightly contaminated, rotting, not resistant to hostile enchantments,
fairly stealthy
A: rotting body, claws 1, carnivore 3, cold resistance 1, negative energy
resistance 3, poison resistance, slow healing 1, torment resistance, unbreathing
a: Receive Corpses, Renounce Religion


You were on level 1 of the Lair of Beasts.
You worshipped Kikubaaqudgha.
Kikubaaqudgha was most pleased with you.
You were not hungry.

You visited 3 branches of the dungeon, and saw 11 of its levels.
You also visited: Sewer.

You collected 536 gold pieces.

Inventory:

Hand weapons
 m - a +1 blowgun
 y - the +11 hand axe of Courage (weapon) {freeze, rF+ Int+4 Stlth+}
   (You found it on level 5 of the Dungeon)

   It has been specially enchanted to freeze those struck by it, causing extra
   injury to most foes and up to half again as much damage against particularly
   susceptible opponents.
   It can also slow down cold-blooded creatures.
   It affects your intelligence (+4).
   It protects you from fire.
   It makes you more stealthy.
Missiles
 E - 5 needles of slowing
 I - a throwing net (quivered)
Armour
 b - a +0 hat (worn)
 i - a +0 cloak (worn)
 v - a +0 robe (worn)
 K - a +0 pair of boots (worn)
 M - a +2 robe of the Archmagi
Jewellery
 g - an uncursed ring of teleportation
 F - a ring of wizardry (left claw)
 N - a ring of see invisible (right claw)
Magical devices
 o - a wand of digging (11)
 t - a wand of slowing (24)
 u - a wand of random effects (30)
 G - a wand of confusion (34)
 H - a wand of polymorph (7)
 L - a wand of draining (2)
Scrolls
 a - a scroll of blinking
 d - 3 scrolls of remove curse
 e - 2 scrolls of enchant weapon
 f - 5 scrolls of teleportation
 k - 10 scrolls of identify
 q - 4 scrolls of fear
 s - 3 scrolls of recharging
 B - a scroll of immolation
 C - a scroll of magic mapping
Potions
 j - 3 potions of curing
 n - 3 potions of haste
 p - 2 potions of magic
 w - a potion of brilliance
 O - a potion of mutation {unknown}
Books
 c - a book of Minor Magic

   Spells                             Type                      Level
   a - Magic Dart                     Conjuration                  1
   b - Blink                          Translocation                2
   c - Call Imp                       Summoning                    2
   d - Repel Missiles                 Charms/Air                   2
   e - Slow                           Hexes                        2
   f - Conjure Flame                  Conjuration/Fire             3
   g - Mephitic Cloud                 Conjuration/Poison/Air       3
 r - a book of Flames

   Spells                             Type                      Level
   a - Flame Tongue                   Conjuration/Fire             1
   b - Throw Flame                    Conjuration/Fire             2
   c - Conjure Flame                  Conjuration/Fire             3
   d - Inner Flame                    Hexes/Fire                   3
   e - Sticky Flame                   Conjuration/Fire             4
   f - Fireball                       Conjuration/Fire             5
 A - Kikubaaqudgha's Reference Book on Dark Secrets
   (Kikubaaqudgha gifted it to you on level 6 of the Dungeon)

   Spells                             Type                      Level
   a - Animate Skeleton               Necromancy                   1
   b - Pain                           Necromancy                   1
   c - Corpse Rot                     Necromancy                   2
   d - Vampiric Draining              Necromancy                   3
   e - Control Undead                 Necromancy                   4
 Q - Kikubaaqudgha's Tome of Dark Rites
   (Kikubaaqudgha gifted it to you on level 9 of the Dungeon)

   Spells                             Type                      Level
   a - Animate Dead                   Necromancy                   4
   b - Excruciating Wounds            Charms/Necromancy            5
   c - Bolt of Draining               Conjuration/Necromancy       5
   d - Dispel Undead                  Necromancy                   5
   e - Death Channel                  Necromancy                   6
Comestibles
 h - 2 meat rations
 z - a slice of pizza
 J - 9 beef jerkies


   Skills:
 + Level 4.5 Fighting
 - Level 1.7 Dodging
 - Level 2.1 Stealth
 + Level 7.2 Spellcasting
 * Level 9.5 Conjurations
 - Level 0.8 Summonings
 + Level 4.0 Necromancy
 - Level 3.0 Translocations


You had one spell level left.
You knew the following spells:

 Your Spells              Type           Power        Failure   Level  Hunger
a - Magic Dart            Conj           ####         1%          1    None
b - Blink                 Tloc           N/A          1%          2    None
c - Call Imp              Summ           ##......     4%          2    None
d - Animate Dead          Necr           N/A          9%          4    ###....
e - Sticky Flame          Conj/Fire      ####....     6%          4    ###....
f - Mephitic Cloud        Conj/Pois/Air  ###.....     4%          3    #......
g - Corpse Rot            Necr           N/A          1%          2    None
s - Animate Skeleton      Necr           N/A          1%          1    None
v - Vampiric Draining     Necr           ###.......   3%          3    #......


Dungeon Overview and Level Annotations

Branches:
Dungeon (9/15)             Temple (1/1) D:5            Lair (1/8) D:9
    Orc: D:9-12

Altars:
Ashenzari
Cheibriados
Dithmenos
Elyvilon
Fedhas
Gozag
Kikubaaqudgha
Makhleb
Nemelex Xobeh
Okawaru
Qazlal
Ru
Sif Muna
Trog
Vehumet
Xom
Yredelemnul
Zin
The Shining One

Annotations:
D:6 krfreak's ghost, experienced GrFi


Innate Abilities, Weirdness & Mutations

Your body is rotting away.
You thrive on raw meat.
You have sharp fingernails.
You are carnivorous and can eat meat at any time.
Your flesh is cold resistant.
You are immune to negative energy.
Your system is resistant to poisons.
You heal slowly when monsters are visible.
You are immune to unholy pain and torment.
You can survive without breathing.


Message History

The needle of slowing barely misses the queen bee.
The needle of slowing hits your adder skeleton.
Your adder skeleton is unaffected.
The killer bee stings itself!
The queen bee misses you.
Wield which item (- for none, * to show all)? (? for menu, Esc to quit)
It glows with a cold blue light!
y - the +11 hand axe of Courage (weapon)
{freeze, rF+ Int+4 Stlth+} The killer bee is no longer moving slowly.
Casting: Magic Dart
Confirm with . or Enter, or press ? or * to list all spells.
Aiming: Mephitic Cloud
Press: ? - help, Shift-Dir - straight line, f/p - queen bee
Aim: a queen bee (almost dead)
You miscast Mephitic Cloud.
You are very lightly contaminated with residual magic.
Nothing appears to happen.
The queen bee stings you!
* * * LOW HITPOINT WARNING * * *
The queen bee stings you!
You die...
Kikubaaqudgha rasps: "You have failed me!
Welcome... oblivion!"

#### #####..### #########
#........# ##(%..((.##
..####........####.(.(....(##
#..............#.Z..(y.((.(....
#.###.........@y#.#..†(###(###
##<...>...#####§...# ..
###.###### ###### . #..# #.##
#.. ##. .. .


You could see a queen bee, a killer bee (confused) and an adder skeleton.

Vanquished Creatures
  Pikel (D:4)
  A komodo dragon (Lair:1)
  2 hippogriffs
  A hungry ghost (D:9)
  An ice beast (D:7)
  2 ogres
  3 sky beasts
  4 slaves (D:4)
  A centaur (D:5)
  2 phantoms
  Duvessa (D:9)
  A big kobold (D:7)
  4 giant frogs
  18 killer bees
  3 wights (D:8)
  3 crimson imps
  3 hounds
  Dowan (D:9)
  3 electric eels (D:9)
  A giant frog skeleton (D:5)
  5 orc priests
  A jelly (D:8)
  2 goliath beetles
  A killer bee zombie (D:8)
  4 worker ants
  3 iguanas
  7 sheep (Lair:1)
  A hound skeleton (D:5)
  3 gnolls (D:8)
  15 adders
  6 river rats
  2 giant mites (D:3)
  An adder zombie (D:5)
  An adder skeleton (D:7)
  8 giant geckos
  3 oozes
  30 orcs
  16 bats
  2 bat skeletons
  2 bat zombies
  6 giant cockroaches
  14 hobgoblins
  5 jackals
  18 kobolds
  9 ball pythons (Sewer)
  A giant cockroach zombie (D:6)
  A giant gecko zombie (D:6)
  3 giant newts
  14 goblins
  A jackal skeleton (D:4)
  3 quokkas
  A quokka skeleton (D:4)
  30 rats
275 creatures vanquished.

Vanquished Creatures (collateral kills)
  A hippogriff (D:7)
  An orc warrior (D:9)
  2 ogres
  A sky beast (D:7)
  2 giant frogs (Sewer)
  8 killer bees
  A quasit (D:9)
  A hound (D:8)
  2 orc priests
  A jelly (D:7)
  4 orc wizards (D:9)
  A worker ant (D:9)
  2 river rats (Sewer)
  3 adders
  A worm (D:2)
  2 giant geckos
  An ooze (D:3)
  4 orcs
  A giant cockroach (D:2)
  A hobgoblin (D:1)
  4 jackals
  3 ball pythons (Sewer)
  4 kobolds
  A rat (Sewer)
52 creatures vanquished.

Vanquished Creatures (others)
  A fire vortex (D:7)
  A killer bee (Lair:1)
  A hippogriff skeleton (D:7)
  A crimson imp (D:7)
  A giant frog skeleton (D:7)
  A dwarf skeleton (D:7)
  An ogre skeleton (D:7)
  2 hound skeletons
  3 white imps (Sewer)
  6 sheep zombies (Lair:1)
  An adder skeleton (Lair:1)
  2 bat skeletons
  A gnoll skeleton (D:8)
  A goblin skeleton (D:7)
  2 hobgoblin skeletons
  2 jackal skeletons (D:8)
  4 kobold skeletons
  11 orc skeletons
  A rat skeleton (D:8)
  A fungus (Lair:1)
44 creatures vanquished.

Grand Total: 371 creatures vanquished

Notes
Turn   | Place    | Note
--------------------------------------------------------------
     0 | D:1      | RepoMan, the Ghoul Wizard, began the quest for the Orb.
     0 | D:1      | Reached XP level 1. HP: 14/14 MP: 3/3
   280 | D:1      | Reached skill level 1 in Conjurations
   478 | D:1      | Reached XP level 2. HP: 18/20 MP: 1/5
   485 | D:1      | Learned a level 2 spell: Blink
   488 | D:1      | Learned a level 2 spell: Call Imp
  1362 | D:1      | Reached XP level 3. HP: 24/26 MP: 1/6
  1880 | D:2      | Reached skill level 3 in Spellcasting
  2446 | D:2      | Reached XP level 4. HP: 31/33 MP: 4/8
  2483 | D:2      | Learned a level 3 spell: Mephitic Cloud
  2946 | D:3      | Noticed an ogre
  2964 | D:3      | Killed an ogre
  2964 | D:3      | Reached XP level 5. HP: 36/38 MP: 6/10
  3141 | D:3      | Found an iron altar of Okawaru.
  3252 | D:3      | Found a glowing drain.
  3277 | Sewer    | Entered a sewer
  3621 | Sewer    | Reached XP level 6. HP: 45/45 MP: 6/12
  3976 | Sewer    | Reached skill level 4 in Spellcasting
  5742 | D:4      | Reached XP level 7. HP: 41/50 MP: 1/15
  6178 | D:4      | Noticed Pikel
  6565 | D:4      | Reached skill level 5 in Conjurations
  6710 | D:4      | Killed Pikel
  6710 | D:4      | Reached skill level 5 in Spellcasting
  6710 | D:4      | Reached skill level 6 in Conjurations
  6710 | D:4      | Reached XP level 8. HP: 57/57 MP: 11/19
  7179 | D:5      | Entered Level 5 of the Dungeon
  7254 | D:4      | Reached skill level 1 in Translocations
  7510 | D:5      | Got a steaming hand axe
  7522 | D:5      | Identified the +11 hand axe of Courage {freeze, rF+ Int+4 Stlth+} (You found it on level 5 of the Dungeon)
  7707 | D:5      | Found a sacrificial altar of Ru.
  7772 | D:5      | Found a staircase to the Ecumenical Temple.
  7783 | D:5      | Got a warped spear
  7794 | Temple   | Entered the Ecumenical Temple
  7861 | Temple   | Became a worshipper of Kikubaaqudgha
  7990 | D:5      | Reached skill level 7 in Conjurations
  8344 | D:5      | Identified the cursed +0 spear of Liapp {pierce, Contam rElec MR- Dex+8} (You found it on level 5 of the Dungeon)
  8510 | D:6      | Reached XP level 9. HP: 62/62 MP: 21/21
  8545 | D:6      | Learned a level 4 spell: Sticky Flame
  8587 | D:6      | Found a basalt altar of Yredelemnul.
  8587 | D:6      | Found a burning altar of Makhleb.
  8589 | D:6      | Found a shattered altar of Ashenzari.
  8589 | D:6      | Found a bloodstained altar of Trog.
  8780 | D:6      | Noticed krfreak's ghost (experienced GrFi)
  9205 | D:6      | Acquired Kikubaaqudgha's first power
  9205 | D:6      | Received a gift from Kikubaaqudgha
  9206 | D:6      | Identified Kikubaaqudgha's Reference Book on Dark Secrets (Kikubaaqudgha gifted it to you on level 6 of the Dungeon)
  9220 | D:6      | Learned a level 1 spell: Animate Skeleton
  9223 | D:6      | Learned a level 2 spell: Corpse Rot
  9227 | D:6      | Learned a level 3 spell: Vampiric Draining
  9334 | D:6      | Found a shimmering altar of Xom.
  9581 | D:7      | Reached skill level 1 in Fighting
  9764 | D:7      | Reached skill level 8 in Conjurations
  9764 | D:7      | Reached skill level 1 in Necromancy
  9996 | D:7      | You fall through a shaft!
 10102 | D:7      | Acquired Kikubaaqudgha's second power
 11260 | D:8      | Reached XP level 10. HP: 71/77 MP: 13/23
 11784 | D:9      | Noticed Dowan
 11787 | D:9      | Noticed Duvessa
 11793 | D:9      | Killed Dowan
 11793 | D:9      | Reached skill level 9 in Conjurations
 11809 | D:9      | Killed Duvessa
 11884 | D:9      | Found a stormy altar of Qazlal.
 11984 | D:9      | Received a gift from Kikubaaqudgha
 11985 | D:9      | Identified Kikubaaqudgha's Tome of Dark Rites (Kikubaaqudgha gifted it to you on level 9 of the Dungeon)
 11993 | D:9      | Learned a level 4 spell: Animate Dead
 12547 | D:9      | Found a staircase to the Lair.
 12687 | Lair:1   | Entered Level 1 of the Lair of Beasts
 13065 | Lair:1   | Slain by a queen bee

Action                   |  1- 3 |  4- 6 |  7- 9 | 10-12 || total
-------------------------+-------+-------+-------+-------++-------
Melee: Unarmed           |    51 |    37 |     1 |       ||    89
       Hand axe          |       |       |   110 |    55 ||   165
 Fire: Blowgun           |       |    38 |    98 |    34 ||   170
 Cast: Magic Dart        |    75 |   171 |   144 |    38 ||   428
       Call Imp          |    10 |    24 |     5 |       ||    39
       Blink             |       |     2 |       |       ||     2
       Mephitic Cloud    |       |     1 |    26 |    25 ||    52
       Animate Skeleton  |       |       |    26 |    17 ||    43
       Sticky Flame      |       |       |    17 |     5 ||    22
       Corpse Rot        |       |       |     1 |       ||     1
       Animate Dead      |       |       |       |     6 ||     6
       Vampiric Draining |       |       |       |     1 ||     1
Evoke: Wand              |       |       |     2 |     1 ||     3
  Use: Scroll            |     3 |     8 |     3 |     1 ||    15
       Potion            |       |     6 |     7 |     1 ||    14
 Stab: Sleeping          |       |     3 |     5 |       ||     8
       Confused          |       |       |     2 |     4 ||     6
  Eat: Chunk             |    10 |    16 |    33 |    14 ||    73
